 Dungeon Sprint DCSS version 0.18-a0-993-g4a3b7c7 (webtiles) character file.

952 M4edhros the Covert (level 8, -1/53 HPs)
             Began as an Octopode Artificer on Jan 4, 2016.
             Was an Initiate of Fedhas.
             Slain by a demonic crawler (9 damage)
             ... in the Dungeon (Sprint I: "Red Sonja").
             The game lasted 00:02:36 (326 turns).

M4edhros the Covert (Octopode Artificer)             Turns: 326, Time: 00:02:37

Health: -1/53      AC: -8    Str: 11    XL:     8   Next: 14%
Magic:  12/14      EV: 13    Int: 16    God:    Fedhas [......]
Gold:   288        SH: 13    Dex: 12    Spells: 0 memorised, 7 levels left

rFire  . . .     SeeInvis .     a - +0 short sword
rCold  . . .     Gourm    .     m - +0 large shield {AC+3}
rNeg   . . .     Faith    .     (helmet restricted)
rPois  .         Spirit   .     (no amulet)
rElec  .         Dismiss  .     l - ring of protection from magic
rCorr  .         Reflect  .     (no ring)
SustAt .         Harm     .     (no ring)
MR     +....     NoTele   +     (no ring)
Stlth  +++++++...               (no ring)
                                (no ring)
                                (no ring)
                                (no ring)

@: exhausted, corroded equipment, slowed, very slow, somewhat resistant to
hostile enchantments, extremely stealthy
A: almost no armour, amphibious, 8 rings, constrict 8, camouflage 1, gelatinous
body 1
a: Renounce Religion


You were in the Dungeon.
You worshipped Fedhas.
Fedhas was noncommittal.
You were not hungry.

You visited 1 branch You collected 405 gold pieces.
You spent 117 gold pieces at shops.

Inventory:

Hand Weapons
 a - a +0 short sword (weapon)
Armour
 m - a +0 large shield of protection (worn)
Jewellery
 l - a ring of protection from magic (left tentacle)
Wands
 b - a wand of flame (9/48)
 c - a wand of enslavement (11/24)
 d - a wand of random effects (9/48)
Scrolls
 k - a scroll of blinking
Potions
 e - a potion of curing
 g - a potion of heal wounds
 h - a potion of haste
 i - 2 potions of magic
Comestibles
 f - 2 bread rations


   Skills:
 + Level 3.6 Fighting
 - Level 1.0 Short Blades
 + Level 10.0 Dodging
 * Level 14.2 Stealth
 * Level 5.0 Shields
 + Level 8.8 Evocations


You had 7 spell levels left.
You didn't know any spells.

Dungeon Overview and Level Annotations

Branches:
Dungeon (1/1)

Altars:
Cheibriados
Dithmenos
Elyvilon
Fedhas
Gozag
Kikubaaqudgha
Makhleb
Nemelex Xobeh
Okawaru
Pakellas
Qazlal
Ru
Sif Muna
Trog
Vehumet
Xom
Yredelemnul
Zin
The Shining One
Jiyva

Shops:
D [

Annotations:
D Sonja


Innate Abilities, Weirdness & Mutations

You cannot wear most types of armour.
You are amphibious.
You can wear up to eight rings at the same time.
You can use your tentacles to constrict eight enemies at once.
Your skin changes colour to match your surroundings (Stealth).
Your rubbery body absorbs attacks (AC +1).


Message History

Your Fighting skill increases to level 3!
Your Dodging skill increases to level 10!
Your Stealth skill increases to level 14!
Your Shields skill gained 2 levels and is now at level 5!
You have reached level 8!
The hellwing disappears in a puff of smoke!
The ufetubus disappears in a puff of smoke!
The crimson imp disappears in a puff of smoke!
The demonic crawler moves out of view.
Unknown command.
You are too berserk!
You are too berserk!
You hit the demonic crawler.
The demonic crawler is lightly wounded.
You are no longer berserk.
You are exhausted.
You feel yourself slow down. The demonic crawler barely misses you.
The demonic crawler hits you!
You die...
Fedhas appreciates your contribution to the ecosystem.

#######################
#..'..#.)'..#__#§§s§..#
'..#.)'.)#..'^§'@s#
#####'#####'#__####
####..#...#.####
#__####..##.#
#_.___##'#..+≈≈≈..§
#_.∩...'..._#≈≈≈.c#
#_..._##_.#'##+####
#_____###+#.# #######
#.###


You could see 2 demonic crawlers.

Vanquished Creatures
  2 kobold demonologists (D)
  A slime creature (D)
  Sigmund (D)
  An ogre (D)
  A jelly (D)
  Ijyb (D)
7 creatures vanquished.

Vanquished Creatures (others)
  A yak (D)
1 creature vanquished.

Grand Total: 8 creatures vanquished

Notes
Turn   | Place    | Note
--------------------------------------------------------------
     0 | D        | M4edhros the Octopode Artificer began the quest for the Orb.
     0 | D        | Reached XP level 1. HP: 13/13 MP: 3/3
     2 | D        | Noticed Ijyb
    12 | D        | Noticed an ogre
    24 | D        | Killed an ogre
    24 | D        | Reached skill level 5 in Dodging
    24 | D        | Reached skill level 7 in Stealth
    24 | D        | Reached skill level 5 in Evocations
    24 | D        | Reached XP level 2. HP: 18/18 MP: 3/5
    24 | D        | Reached XP level 3. HP: 23/23 MP: 3/6
    24 | D        | Reached XP level 4. HP: 28/28 MP: 3/7
    26 | D        | Noticed Sigmund
    32 | D        | Killed Sigmund
    32 | D        | Reached skill level 10 in Stealth
    32 | D        | Reached XP level 5. HP: 22/33 MP: 3/10
    32 | D        | Reached XP level 6. HP: 25/38 MP: 3/11
    55 | D        | Killed Ijyb
    55 | D        | Reached skill level 11 in Stealth
    94 | D        | Found a deep blue altar of Sif Muna.
   101 | D        | Found a viscous altar of Jiyva.
   101 | D        | Found a blossoming altar of Fedhas.
   101 | D        | Noticed a slime creature
   106 | D        | Found a radiant altar of Vehumet.
   108 | D        | Noticed a centaur warrior
   109 | D        | Found Jatucis's Antique Armour Emporium.
   109 | D        | Found a stormy altar of Qazlal.
   109 | D        | Noticed a yak
   110 | D        | Found a burning altar of Makhleb.
   110 | D        | Found a sacrificial altar of Ru.
   110 | D        | Found an oddly glowing altar of Pakellas.
   110 | D        | Found a shimmering altar of Xom.
   110 | D        | Found an opulent altar of Gozag.
   111 | D        | Found a white marble altar of Elyvilon.
   111 | D        | Found a basalt altar of Yredelemnul.
   111 | D        | Found a glowing golden altar of the Shining One.
   111 | D        | Found a sparkling altar of Nemelex Xobeh.
   111 | D        | Found an ancient bone altar of Kikubaaqudgha.
   111 | D        | Found a glowing silver altar of Zin.
   126 | D        | Found a snail-covered altar of Cheibriados.
   126 | D        | Found a shadowy altar of Dithmenos.
   137 | D        | Killed a slime creature
   137 | D        | Reached skill level 12 in Stealth
   137 | D        | Reached XP level 7. HP: 28/43 MP: 12/12
   148 | D        | Found an iron altar of Okawaru.
   243 | D        | Found a bloodstained altar of Trog.
   249 | D        | Became a worshipper of Xom the Psychotic
   252 | D        | Bought a shiny large shield for 117 gold pieces
   263 | D        | Noticed Sonja
   279 | D        | Fell from the grace of Xom
   279 | D        | Became a worshipper of Fedhas Madash
   300 | D        | Noticed a kobold demonologist
   306 | D        | Paralysed by a giant eyeball for 3 turns
   308 | D        | Noticed a kobold demonologist
   310 | D        | Paralysed by a giant eyeball for 2 turns
   313 | D        | Noticed a rust devil
   318 | D        | Killed a kobold demonologist
   318 | D        | Reached skill level 13 in Stealth
   320 | D        | Noticed a demonic crawler
   321 | D        | Noticed a hellwing
   323 | D        | Noticed a demonic crawler
   324 | D        | Killed a kobold demonologist
   324 | D        | Reached skill level 10 in Dodging
   324 | D        | Reached skill level 14 in Stealth
   324 | D        | Reached skill level 5 in Shields
   324 | D        | Reached XP level 8. HP: 10/53 MP: 12/14
   326 | D        | Slain by a demonic crawler

Vault maps used:
D:        dungeon_sprint_1

Action                   |  1- 3 |  4- 6 |  7- 9 || total
-------------------------+-------+-------+-------++-------
Melee: Short sword       |     5 |    14 |    15 ||    34
Evoke: Wand              |     4 |    10 |     2 ||    16
  Use: Potion            |       |       |     1 ||     1
 Stab: Confused          |     1 |       |       ||     1
       Sleeping          |       |     1 |       ||     1
